Map: Ever Dream LE

Players

antagomiR

  • Race: Protoss Protoss
  • League: Gold
  • Spawn Location: 7:00

Zazius - Winner!

  • Race: Zerg Zerg
  • League: Silver
  • Spawn Location: 1:00

VOD

Have the link to the VOD?

Description

Time

  • Played on: April 5, 2020, 4:49 p.m.
  • Length: 5:14
Show
View Real Time Build Order
Export as new Build Order

antagomiR Protoss 

Build Orders:  

Get SALT Encoding   

  12  0:01  Probe  
  13  0:13  Probe  
  14  0:18  Pylon  
  14  0:31  Pylon  
  14  0:34  Probe (Chrono Boost)  
  15  0:48  Probe (Chrono Boost)  
  16  0:57  Probe  
  16  0:59  Gateway  
  17  1:04  Assimilator  
  17  1:09  Probe  
  17  1:20  Assimilator  
  17  1:21  Probe  
  18  1:33  Probe  
  19  1:41  Pylon  
  19  1:45  Probe  
  20  1:49  Cybernetics Core  
  20  1:52  Forge  
  20  1:59  Probe  
  21  2:11  Probe  
  22  2:23  Probe  
  22  2:25  Warp Gate, Zealot (Chrono Boost)  
  25  2:35  Robotics Facility  
  25  2:36  Probe  
  25  2:48  Probe  
  25  2:58  Stalker (Chrono Boost)  
  23  3:18  Probe  
  20  3:26  Stalker (Chrono Boost)  
  21  3:30  Probe  
  22  3:42  Probe  
  21  3:57  Probe  
  21  4:00  Zealot (Chrono Boost)  
  24  4:09  Probe  
Show
View Real Time Build Order
Export as new Build Order

Zazius Zerg - Winner!

Build Orders: Pool First 

Get SALT Encoding   

  12  0:03  Drone  
  13  0:10  Drone  
  14  0:40  Spawning Pool, Overlord  
  13  0:55  Drone  
  14  0:59  Drone  
  14  1:00  Drone  
  16  1:27  Zergling x4  
  16  1:32  Extractor  
  17  1:34  Drone  
  18  1:41  Queen  
  20  1:47  Zergling x2  
  20  1:53  Drone  
  22  2:02  Overlord  
  22  2:23  Drone  
  22  2:24  Drone  
  23  3:19  Zergling x2  
  27  3:20  Zergling x8  
  27  3:24  Lair  
  28  3:27  Zergling x2  
  29  3:52  Overlord x2  
  29  4:03  Hatchery  
  28  4:11  Zergling x2  
  28  4:12  Zergling x4  
  36  5:10  Hydralisk Den, Extractor  
Tags
 
Matchup
PvZ
Opening
Pool First
Replay Pack
20200422
Spawn Locations
Cross Positions
Add a new tag
Caveats
  • Supply blocks, unpowered buildings, or Contaminate may cause inaccurate times.
  • Supply counts are checked every 10 seconds.